WCHLSIM.com - West Coast Hockey League
html PUBLIC "-//W3C//DTD XHTML 1.0 Transitional//EN" "http://www.w3.org/TR/xhtml1/DTD/xhtml1-transitional.dtd"> WCHL - Game 814 - LOS ANGELES SEALS vs SEATTLE GRUNGE

LOS ANGELES SEALS vs SEATTLE GRUNGE

Created - 13 février 2024 at 11:33

Goals
1 2 3 T
LOS ANGELES SEALS 0 1 0 1
SEATTLE GRUNGE 3 1 1 5
Shots
1 2 3 T
LOS ANGELES SEALS 12 7 11 30
SEATTLE GRUNGE 8 9 7 24

1st period

1. SEATTLE GRUNGE , Sean Monahan 10 (William Nylander 31, Tyler Seguin 27) at 15:33
2. SEATTLE GRUNGE , William Nylander 27 (Sean Monahan 15) at 17:03
3. SEATTLE GRUNGE , William Nylander 28 (Sean Monahan 16, Nikita Zaitsev 2) at 18:21

Penalties :
Travis Sanheim (SEA) for Holding (Minor) at 2:41

2nd period

4. LOS ANGELES SEALS , David Krejci 11 (Steven Stamkos 39, Matthew Boldy 19) at 12:34
5. SEATTLE GRUNGE , Travis Sanheim 8 (Brett Kulak 14, Travis Boyd 19) at 18:09

Penalties :
Claude Giroux (LOS) for Hooking (Minor) at 1:19, Brett Kulak (SEA) for Hooking (Minor) at 3:29, Ondrej Palat (LOS) for Holding (Minor) at 6:46, Tyler Seguin (SEA) for Roughing (Minor) at 10:18, Ondrej Palat (LOS) for Interference (Minor) at 18:36

3rd period

6. SEATTLE GRUNGE , Travis Boyd 16 (Jakub Vrana 2, Travis Sanheim 23) at 14:41

Penalties :
Brandon Carlo (LOS) for Hooking (Minor) at 8:56, Kaiden Guhle (SEA) for Slashing (Minor) at 11:52

Goalie Stats

Joonas Korpisalo (LOS), 7 saves from 8 shots - (0,875), 21:51 minutes
Marc-Andre Fleury (LOS), 12 saves from 16 shots - (0,750), L, 19-10-3, 38:09 minutes
Karel Vejmelka (SEA), 29 saves from 30 shots - (0,967), W, 18-24-4, 60:00 minutes

Players Stats for LOS ANGELES SEALS

Player Name              G  A  P  +/- PIM S  H  SB GA TA FO     MP     PP MP  PK MP  
------------------------------------------------------------------------------------
Alex Goligoski           0  0  0   0  0   0  1  0  0  0  0/0    13:50   0:00   0:00 
Brandon Carlo            0  0  0   0  2   0  1  2  0  0  0/0    16:25   0:00   2:36 
Brent Burns              0  0  0   0  0   1  1  2  0  0  0/0    24:16   4:30   4:26 
Claude Giroux            0  0  0   0  2   2  2  1  0  0  19/27  19:15   3:57   0:00 
David Krejci             1  0  1  -1  0   2  0  0  0  0  6/19   15:52   0:00   2:08 
Drew Doughty             0  0  0   0  0   2  1  0  0  0  0/0    19:10   3:50   0:00 
Gustav Forsling          0  0  0  -4  0   0  1  0  0  0  0/0    22:29   3:26   4:05 
Jake Evans               0  0  0  -2  0   0  0  1  0  0  0/0     2:47   0:00   0:00 
Mason McTavish           0  0  0  -2  0   2  1  0  0  0  2/4     6:44   3:57   0:00 
Matthew Boldy            0  1  1  -1  0   3  0  0  0  0  0/0    17:43   3:59   0:00 
Mikael Backlund          0  0  0  -1  0   2  0  0  0  0  10/22  22:03   3:57   5:48 
Nikita Kucherov          0  0  0   0  0   4  0  0  0  0  0/0    18:54   3:35   0:00 
Noah Cates               0  0  0  -1  0   4  0  0  0  0  0/1    16:14   0:00   3:56 
Noah Dobson              0  0  0  -4  0   0  0  2  0  0  0/0    23:49   4:06   4:45 
Ondrej Palat             0  0  0   0  4   0  1  0  0  0  0/0    17:51   0:00   2:34 
Owen Tippett             0  0  0  -1  0   2  1  0  0  0  0/0    12:42   0:24   0:00 
Philip Tomasino          0  0  0  -2  0   1  0  0  0  0  0/0     4:13   0:00   1:26 
Steven Stamkos           0  1  1  -1  0   5  0  0  0  0  3/6    17:43   3:59   0:00 

Players Stats for SEATTLE GRUNGE

Player Name              G  A  P  +/- PIM S  H  SB GA TA FO     MP     PP MP  PK MP  
------------------------------------------------------------------------------------
Alexey Toropchenko       0  0  0   0  0   0  0  0  0  0  0/0     9:32   0:00   3:38 
Brett Kulak              0  1  1   1  2   0  4  1  0  0  0/0    19:06   0:00   2:57 
Chris Tierney            0  0  0   0  0   0  0  0  0  0  0/0     5:54   0:00   0:00 
Curtis Lazar             0  0  0   0  0   0  2  0  0  0  4/13   10:12   0:00   4:18 
Jakub Vrana              0  1  1   2  0   1  2  0  0  0  1/2    10:06   0:00   0:00 
Jimmy Vesey              0  0  0   2  0   3  2  0  0  0  0/0    14:24   0:00   4:18 
Kaiden Guhle             0  0  0   3  2   0  3  0  0  0  0/0    22:45   3:39   3:09 
Matthew Poitras          0  0  0  -1  0   1  1  0  0  0  11/23  17:00   3:07   0:00 
Morgan Geekie            0  0  0  -1  0   0  0  1  0  0  1/1    17:00   3:07   0:00 
Nick Seeler              0  0  0   0  0   0  1  1  0  0  0/0    13:50   0:00   1:50 
Nikita Zaitsev           0  1  1   3  0   0  3  0  0  0  0/0    21:16   3:39   3:11 
Sean Monahan             1  2  3   3  0   7  0  0  0  0  13/24  19:04   4:49   0:00 
Travis Boyd              1  1  2   2  0   3  0  0  0  0  5/9    10:06   0:00   0:00 
Travis Sanheim           1  1  2   1  2   1  0  0  0  0  0/0    21:58   4:17   0:00 
Tyler Seguin             0  1  1   3  2   3  2  0  0  0  2/2    19:03   4:49   0:00 
Warren Foegele           0  0  0  -1  0   0  2  0  0  0  0/2    17:00   3:07   0:00 
William Borgen           0  0  0   0  0   0  3  0  0  0  0/0    21:02   4:17   4:45 
William Nylander         2  1  3   3  0   5  0  0  0  0  2/3    22:42   4:49   3:38 

3 Stars

1 - William Nylander (SEA)
2 - Sean Monahan (SEA)
3 - Travis Boyd (SEA)

Power Play

LOS ANGELES SEALS - 0 on 4 Attempt(s) - 0,00%
SEATTLE GRUNGE - 0 on 4 Attempt(s) - 0,00%

Penalty Kill

LOS ANGELES SEALS - 4 on 4 Attempt(s) - 100,00% - Score 0 goal in Penalty Kill
SEATTLE GRUNGE - 4 on 4 Attempt(s) - 100,00% - Score 0 goal in Penalty Kill

Team Stat

LOS ANGELES SEALS - Hits : 10 - Faceoff Wins : 40 - Blocked Shots : 8 - Penalty Minutes : 8
SEATTLE GRUNGE - Hits : 25 - Faceoff Wins : 39 - Blocked Shots : 3 - Penalty Minutes : 8

Official

Referees : Corey Syvret and Brad Meier
Linesman : Ryan Daisy and Libor Suchanek

Game Notes

Joonas Korpisalo enters game at 18:09 of 2nd period

Finance

Level 1 -- Attendance: 6000 (100,00%) -- Ticket Income 900 000 $
Level 2 -- Attendance: 5000 (100,00%) -- Ticket Income 500 000 $
Level 3 -- Attendance: 2530 (84,33%) -- Ticket Income 164 450 $
Level 4 -- Attendance: 4598 (91,96%) -- Ticket Income 252 890 $
Luxury Box -- Attendance: 963 (96,30%) -- Ticket Income 288 900 $
Total Attendance: 19091 (95,46%)
Total Ticket Income: 2 106 240 $
Other Expense: 21 062 $
Total Income: 2 085 178 $

LOS ANGELES SEALS

5 vs 5 Forward 
   Center                   Left Wing                Right Wing               Time % Phy DF OF 
 1 Claude Giroux            Ondrej Palat             Nikita Kucherov          36     1   1  2  
 2 David Krejci             Matthew Boldy            Steven Stamkos           31     0   2  2  
 3 Mikael Backlund          Noah Cates               Owen Tippett             26     1   2  2  
 4 Mason McTavish           Philip Tomasino          Jake Evans               7      1   2  2  

5 vs 5 Defense 
   Defense                  Defense                                           Time % Phy DF OF 
 1 Drew Doughty             Brent Burns                                       33     1   2  2  
 2 Noah Dobson              Gustav Forsling                                   33     1   2  2  
 3 Brandon Carlo            Alex Goligoski                                    24     1   3  1  
 4 Drew Doughty             Brent Burns                                       10     1   2  2  

PowerPlay Forward 
   Center                   Left Wing                Right Wing               Time % Phy DF OF 
 1 Steven Stamkos           Matthew Boldy            Nikita Kucherov          55     0   1  4  
 2 Claude Giroux            Mason McTavish           Mikael Backlund          45     0   1  4  

PowerPlay Defense
   Defense                  Defense                                           Time % Phy DF OF 
 1 Noah Dobson              Brent Burns                                       55     0   2  3  
 2 Gustav Forsling          Drew Doughty                                      45     0   2  3  

Penalty Kill 4 Players Forward 
   Center                   Wing                     Time % Phy DF OF 
 1 Mikael Backlund          Ondrej Palat             55     0   5  0  
 2 David Krejci             Noah Cates               45     0   5  0  

Penalty Kill 4 Players Defense
   Defense                  Defense                  Time % Phy DF OF 
 1 Brandon Carlo            Gustav Forsling          55     0   5  0  
 2 Brent Burns              Noah Dobson              45     0   5  0  

Penalty Kill - 3 Players Forward 
   Forward                                           Time % Phy DF OF 
 1 Mikael Backlund                                   55     0   5  0  
 2 David Krejci                                      45     0   5  0  

Penalty Kill - 3 Players Defense
   Defense                  Defense                  Time % Phy DF OF 
 1 Noah Dobson              Gustav Forsling          55     0   5  0  
 2 Brent Burns              Brandon Carlo            45     0   5  0  

4 vs 4 Forward 
   Center                   Wing                     Time % Phy DF OF 
 1 Steven Stamkos           Claude Giroux            55     1   2  2  
 2 David Krejci             Nikita Kucherov          45     1   2  2  

4 vs 4 Defense
   Defense                  Defense                  Time % Phy DF OF 
 1 Noah Dobson              Brent Burns              55     1   2  2  
 2 Drew Doughty             Gustav Forsling          45     1   2  2  

Last Minutes Offensive
   Center                   Left Wing                Right Wing               Defense                  Defense                  
   Claude Giroux            Steven Stamkos           Nikita Kucherov          Noah Dobson              Brent Burns              

Last Minutes Defensive
   Center                   Left Wing                Right Wing               Defense                  Defense                  
   Claude Giroux            Ondrej Palat             Nikita Kucherov          Drew Doughty             Brent Burns              

Goaltenders
Starting : Marc-Andre Fleury        
Backup : Joonas Korpisalo         

Extra Forwards
Normal : Matthew Boldy, Owen Tippett, Noah Cates - PP : Matthew Boldy, Owen Tippett - PK : Noah Cates
Extra Defensemen
Normal : Drew Doughty, Brent Burns, Noah Dobson - PP : Drew Doughty - PK : Brent Burns, Noah Dobson
Penalty Shots
Nikita Kucherov, Claude Giroux, David Krejci, Steven Stamkos, Matthew Boldy
Custom OT Lines Forwards
Nikita Kucherov, Claude Giroux, David Krejci, Mikael Backlund, Ondrej Palat, Jake Evans, Steven Stamkos, Matthew Boldy, Owen Tippett, Noah Cates
Custom OT Lines Defensemen
Brandon Carlo, Gustav Forsling, Noah Dobson, Brent Burns, Drew Doughty

Scratches
Nick Bonino (Sprained Right Ankle Injury)

SEATTLE GRUNGE

5 vs 5 Forward 
   Center                   Left Wing                Right Wing               Time % Phy DF OF 
 1 Sean Monahan             Tyler Seguin             William Nylander         36     1   2  2  
 2 Matthew Poitras          Warren Foegele           Morgan Geekie            31     1   2  2  
 3 Travis Boyd              Jakub Vrana              Jimmy Vesey              23     1   2  2  
 4 Curtis Lazar             Chris Tierney            Alexey Toropchenko       10     1   2  2  

5 vs 5 Defense 
   Defense                  Defense                                           Time % Phy DF OF 
 1 Travis Sanheim           Brett Kulak                                       37     1   2  2  
 2 Kaiden Guhle             Nikita Zaitsev                                    34     1   2  2  
 3 William Borgen           Nick Seeler                                       29     1   2  2  
 4 Kaiden Guhle             Travis Sanheim                                    0      1   2  2  

PowerPlay Forward 
   Center                   Left Wing                Right Wing               Time % Phy DF OF 
 1 Sean Monahan             Tyler Seguin             William Nylander         55     1   2  2  
 2 Matthew Poitras          Warren Foegele           Morgan Geekie            45     1   2  2  

PowerPlay Defense
   Defense                  Defense                                           Time % Phy DF OF 
 1 Travis Sanheim           William Borgen                                    55     1   2  2  
 2 Kaiden Guhle             Nikita Zaitsev                                    45     1   2  2  

Penalty Kill 4 Players Forward 
   Center                   Wing                     Time % Phy DF OF 
 1 Curtis Lazar             Jimmy Vesey              55     1   2  2  
 2 William Nylander         Alexey Toropchenko       45     1   2  2  

Penalty Kill 4 Players Defense
   Defense                  Defense                  Time % Phy DF OF 
 1 William Borgen           Brett Kulak              55     1   2  2  
 2 Kaiden Guhle             Nikita Zaitsev           45     1   2  2  

Penalty Kill - 3 Players Forward 
   Forward                                           Time % Phy DF OF 
 1 Curtis Lazar                                      55     1   2  2  
 2 William Nylander                                  45     1   2  2  

Penalty Kill - 3 Players Defense
   Defense                  Defense                  Time % Phy DF OF 
 1 William Borgen           Brett Kulak              55     1   2  2  
 2 Kaiden Guhle             Nikita Zaitsev           45     1   2  2  

4 vs 4 Forward 
   Center                   Wing                     Time % Phy DF OF 
 1 Tyler Seguin             Sean Monahan             55     1   2  2  
 2 Travis Boyd              William Nylander         45     1   2  2  

4 vs 4 Defense
   Defense                  Defense                  Time % Phy DF OF 
 1 Travis Sanheim           Brett Kulak              55     1   2  2  
 2 Kaiden Guhle             Nikita Zaitsev           45     1   2  2  

Last Minutes Offensive
   Center                   Left Wing                Right Wing               Defense                  Defense                  
   Sean Monahan             Tyler Seguin             William Nylander         Travis Boyd              Brett Kulak              

Last Minutes Defensive
   Center                   Left Wing                Right Wing               Defense                  Defense                  
   Sean Monahan             Tyler Seguin             William Nylander         Travis Boyd              Brett Kulak              

Goaltenders
Starting : Karel Vejmelka           
Backup : Semyon Varlamov          

Extra Forwards
Normal : Curtis Lazar, Jakub Vrana, Alexey Toropchenko - PP : Curtis Lazar, Jakub Vrana - PK : Alexey Toropchenko
Extra Defensemen
Normal : William Borgen, Nick Seeler, Nikita Zaitsev - PP : William Borgen - PK : Nick Seeler, Nikita Zaitsev
Penalty Shots
Alexey Toropchenko, William Nylander, Travis Boyd, Curtis Lazar, Jimmy Vesey
Custom OT Lines Forwards
William Nylander, Sean Monahan, Travis Boyd, Tyler Seguin, Jimmy Vesey, Morgan Geekie, Curtis Lazar, Jakub Vrana, Alexey Toropchenko, Travis Sanheim
Custom OT Lines Defensemen
Travis Boyd, Brett Kulak, Kaiden Guhle, Nikita Zaitsev, William Borgen

Scratches
Connor Dewar (Healthy), Radim Simek (Healthy), Rem Pitlick (Healthy), Casey DeSmith (Healthy)

% Time on Ice - LOS ANGELES SEALS

Lines # - Real PCT - Wanted PCT - Time Play
Normal Forward
1 - 35% - 36% - 15:19
2 - 31% - 31% - 13:44
3 - 28% - 26% - 12:18
4 - 6% - 7% - 2:47
Normal Defense
1 - 31% - 33% - 13:42
2 - 34% - 33% - 14:58
3 - 31% - 24% - 13:50
4 - 4% - 10% - 1:38
PP Forward
1 - 50% - 55% - 3:59
2 - 50% - 45% - 3:57
PP Defense
1 - 57% - 55% - 4:30
2 - 43% - 45% - 3:26
PK Forward
1 - 73% - 55% - 5:48
2 - 27% - 45% - 2:08
PK Defense
1 - 51% - 55% - 4:05
2 - 49% - 45% - 3:51
PK3 Forward
1 - 0% - 55%
2 - 0% - 45%
PK3 Defense
1 - 0% - 55%
2 - 0% - 45%
44 Forward
1 - 0% - 55%
2 - 0% - 45%
44 Defense
1 - 0% - 55%
2 - 0% - 45%
Last Minute Offensive  - 0:00
Last Minute Defensive  - 0:00
Total
Forward - 60:00
Defense - 60:00

% Time on Ice - SEATTLE GRUNGE

Lines # - Real PCT - Wanted PCT - Time Play
Normal Forward
1 - 32% - 36% - 14:15
2 - 31% - 31% - 13:53
3 - 23% - 23% - 10:06
4 - 13% - 10% - 5:54
Normal Defense
1 - 37% - 37% - 16:10
2 - 33% - 34% - 14:26
3 - 27% - 29% - 12:00
4 - 3% - 0% - 1:32
PP Forward
1 - 61% - 55% - 4:49
2 - 39% - 45% - 3:07
PP Defense
1 - 54% - 55% - 4:17
2 - 46% - 45% - 3:39
PK Forward
1 - 54% - 55% - 4:18
2 - 46% - 45% - 3:38
PK Defense
1 - 55% - 55% - 4:21
2 - 45% - 45% - 3:35
PK3 Forward
1 - 0% - 55%
2 - 0% - 45%
PK3 Defense
1 - 0% - 55%
2 - 0% - 45%
44 Forward
1 - 0% - 55%
2 - 0% - 45%
44 Defense
1 - 0% - 55%
2 - 0% - 45%
Last Minute Offensive  - 0:00
Last Minute Defensive  - 0:00
Total
Forward - 60:00
Defense - 60:00

Play-by-Play

1st period


0:01 of 1st period - Claude Giroux wins face-off versus Sean Monahan in neutral zone.
0:34 of 1st period - Shot by William Nylander.
0:34 of 1st period - Shot Misses the Net.
0:43 of 1st period - Icing by Claude Giroux.
0:44 of 1st period - Claude Giroux wins face-off versus Matthew Poitras in LOS ANGELES SEALS zone.
0:48 of 1st period - Off-side.
0:49 of 1st period - Travis Boyd wins face-off versus David Krejci in neutral zone.
0:54 of 1st period - Shot by Jimmy Vesey.
0:54 of 1st period - Shot Blocked by Noah Dobson.
0:56 of 1st period - Shot by Travis Boyd.
0:56 of 1st period - Shot Misses the Net.
0:58 of 1st period - Shot by Jimmy Vesey.
0:58 of 1st period - Shot Misses the Net.
1:00 of 1st period - Shot by Travis Boyd.
1:00 of 1st period - Shot Misses the Net.
1:02 of 1st period - Shot by Jimmy Vesey.
1:02 of 1st period - Shot Misses the Net.
1:10 of 1st period - Shot by Jimmy Vesey.
1:10 of 1st period - Shot Misses the Net.
1:15 of 1st period - Icing by Noah Dobson.
1:16 of 1st period - Matthew Poitras wins face-off versus David Krejci in LOS ANGELES SEALS zone.
1:27 of 1st period - Shot by Steven Stamkos.
1:27 of 1st period - Stopped by Karel Vejmelka with a rebound.
1:29 of 1st period - Shot by David Krejci.
1:29 of 1st period - Deflect By Matthew Boldy.
1:29 of 1st period - Shot Misses the Net.
1:34 of 1st period - David Krejci is hit by Nikita Zaitsev and loses puck.
1:38 of 1st period - Steven Stamkos is hit by Kaiden Guhle and loses puck.
1:56 of 1st period - Icing by Kaiden Guhle.
1:57 of 1st period - Mikael Backlund wins face-off versus Matthew Poitras in SEATTLE GRUNGE zone.
1:59 of 1st period - Noah Cates is hit by Kaiden Guhle and loses puck.
2:14 of 1st period - Shot by Noah Cates.
2:14 of 1st period - Stopped by Karel Vejmelka without a rebound.
2:15 of 1st period - Mason McTavish wins face-off versus Curtis Lazar in SEATTLE GRUNGE zone.
2:28 of 1st period - Shot by Mason McTavish.
2:28 of 1st period - Deflect By Jake Evans.
2:28 of 1st period - Shot Misses the Net.
2:38 of 1st period - Shot by Mason McTavish.
2:38 of 1st period - Stopped by Karel Vejmelka without a rebound.
2:39 of 1st period - Mikael Backlund wins face-off versus Sean Monahan in SEATTLE GRUNGE zone.
2:41 of 1st period - Minor Penalty to Travis Sanheim for Holding.
2:42 of 1st period - Curtis Lazar wins face-off versus Steven Stamkos in SEATTLE GRUNGE zone.
3:17 of 1st period - Shot by Steven Stamkos.
3:17 of 1st period - Stopped by Karel Vejmelka without a rebound.
3:18 of 1st period - William Nylander wins face-off versus Claude Giroux in SEATTLE GRUNGE zone.
4:06 of 1st period - Shot by Drew Doughty.
4:06 of 1st period - Shot Misses the Net.
4:26 of 1st period - Shot by Nikita Kucherov.
4:26 of 1st period - Stopped by Karel Vejmelka without a rebound.
4:27 of 1st period - William Nylander wins face-off versus Steven Stamkos in SEATTLE GRUNGE zone.
4:47 of 1st period - Icing by Travis Sanheim.
4:48 of 1st period - David Krejci wins face-off versus Matthew Poitras in SEATTLE GRUNGE zone.
5:16 of 1st period - Shot by Matthew Boldy.
5:16 of 1st period - Stopped by Karel Vejmelka without a rebound.
5:17 of 1st period - Claude Giroux wins face-off versus Sean Monahan in SEATTLE GRUNGE zone.
5:46 of 1st period - Shot by William Nylander.
5:46 of 1st period - Stopped by Marc-Andre Fleury with a rebound.
6:18 of 1st period - Shot by Mikael Backlund.
6:18 of 1st period - Shot Misses the Net.
6:20 of 1st period - Shot by Mikael Backlund.
6:20 of 1st period - Stopped by Karel Vejmelka with a rebound.
6:30 of 1st period - Shot by Noah Cates.
6:30 of 1st period - Deflect By Owen Tippett.
6:30 of 1st period - Stopped by Karel Vejmelka without a rebound.
6:31 of 1st period - Travis Boyd wins face-off versus David Krejci in SEATTLE GRUNGE zone.
6:50 of 1st period - Shot by Jimmy Vesey.
6:50 of 1st period - Stopped by Marc-Andre Fleury with a rebound.
6:54 of 1st period - Shot by Travis Boyd.
6:54 of 1st period - Shot Misses the Net.
7:16 of 1st period - Matthew Boldy is hit by Jimmy Vesey and loses puck.
9:02 of 1st period - Shot by William Nylander.
9:02 of 1st period - Shot Misses the Net.
9:50 of 1st period - Shot by Nikita Kucherov.
9:50 of 1st period - Stopped by Karel Vejmelka with a rebound.
9:57 of 1st period - Icing by Nick Seeler.
9:58 of 1st period - Tyler Seguin wins face-off versus Mikael Backlund in SEATTLE GRUNGE zone.
10:23 of 1st period - Travis Boyd is hit by Drew Doughty and loses puck.
12:19 of 1st period - Kaiden Guhle is hit by Mason McTavish and loses puck.
12:49 of 1st period - Mikael Backlund is hit by Kaiden Guhle and loses puck.
12:52 of 1st period - Shot by Noah Cates.
12:52 of 1st period - Stopped by Karel Vejmelka without a rebound.
12:53 of 1st period - Tyler Seguin wins face-off versus Claude Giroux in SEATTLE GRUNGE zone.
13:04 of 1st period - Shot by Sean Monahan.
13:04 of 1st period - Shot Misses the Net.
13:12 of 1st period - Tyler Seguin is hit by Claude Giroux and loses puck.
13:59 of 1st period - Shot by Travis Boyd.
13:59 of 1st period - Stopped by Marc-Andre Fleury without a rebound.
14:00 of 1st period - Mikael Backlund wins face-off versus Curtis Lazar in LOS ANGELES SEALS zone.
14:00 of 1st period - Mikael Backlund is hit by Curtis Lazar.
14:13 of 1st period - Mikael Backlund is hit by Brett Kulak and loses puck.
14:32 of 1st period - Noah Cates is hit by Brett Kulak and loses puck.
15:03 of 1st period - Icing by Kaiden Guhle.
15:04 of 1st period - Sean Monahan wins face-off versus Mason McTavish in SEATTLE GRUNGE zone.
15:23 of 1st period - Shot by Sean Monahan.
15:23 of 1st period - Shot Blocked by Jake Evans.
15:25 of 1st period - Shot by Nikita Zaitsev.
15:25 of 1st period - Shot Misses the Net.
15:27 of 1st period - Shot by Tyler Seguin.
15:27 of 1st period - Shot Misses the Net.
15:29 of 1st period - Shot by William Nylander.
15:29 of 1st period - Shot Blocked by Noah Dobson.
15:33 of 1st period - Shot by Sean Monahan.
15:33 of 1st period - Goal by Sean Monahan - LOS ANGELES SEALS : 0 - SEATTLE GRUNGE : 1.
15:34 of 1st period - Morgan Geekie wins face-off versus Claude Giroux in neutral zone.
15:40 of 1st period - Icing by Nikita Kucherov.
15:41 of 1st period - Claude Giroux wins face-off versus Warren Foegele in LOS ANGELES SEALS zone.
16:00 of 1st period - Claude Giroux is hit by Warren Foegele and loses puck.
16:04 of 1st period - Brent Burns is hit by Matthew Poitras and loses puck.
17:03 of 1st period - Shot by William Nylander.
17:03 of 1st period - Goal by William Nylander - LOS ANGELES SEALS : 0 - SEATTLE GRUNGE : 2.
17:04 of 1st period - Travis Boyd wins face-off versus David Krejci in neutral zone.
17:28 of 1st period - Shot by Jimmy Vesey.
17:28 of 1st period - Stopped by Marc-Andre Fleury with a rebound.
17:46 of 1st period - Shot by Travis Boyd.
17:46 of 1st period - Shot Misses the Net.
18:19 of 1st period - Shot by Sean Monahan.
18:19 of 1st period - Stopped by Marc-Andre Fleury with a rebound.
18:21 of 1st period - Shot by William Nylander.
18:21 of 1st period - Goal by William Nylander - LOS ANGELES SEALS : 0 - SEATTLE GRUNGE : 3.
18:22 of 1st period - Claude Giroux wins face-off versus Matthew Poitras in neutral zone.
18:26 of 1st period - Nikita Kucherov is hit by William Borgen.
18:35 of 1st period - Off-side.
18:36 of 1st period - Mikael Backlund wins face-off versus Curtis Lazar in neutral zone.
18:36 of 1st period - Mikael Backlund is hit by Curtis Lazar.
18:46 of 1st period - Shot by Owen Tippett.
18:46 of 1st period - Deflect By Mikael Backlund.
18:46 of 1st period - Stopped by Karel Vejmelka without a rebound.
18:47 of 1st period - Claude Giroux wins face-off versus Matthew Poitras in SEATTLE GRUNGE zone.
18:50 of 1st period - Shot by Nikita Kucherov.
18:50 of 1st period - Stopped by Karel Vejmelka without a rebound.
18:51 of 1st period - Claude Giroux wins face-off versus Matthew Poitras in SEATTLE GRUNGE zone.
19:02 of 1st period - Shot by Matthew Poitras.
19:02 of 1st period - Shot Misses the Net.
19:22 of 1st period - Shot by Warren Foegele.
19:22 of 1st period - Shot Misses the Net.
19:26 of 1st period - Shot by Matthew Poitras.
19:26 of 1st period - Deflect By Warren Foegele.
19:26 of 1st period - Shot Misses the Net.
19:28 of 1st period - Shot by Warren Foegele.
19:28 of 1st period - Shot Misses the Net.
19:30 of 1st period - Shot by Kaiden Guhle.
19:30 of 1st period - Shot Misses the Net.
Goals for this period are 0 for LOS ANGELES SEALS vs 3 for SEATTLE GRUNGE.
Shots for this period are 12 for LOS ANGELES SEALS vs 8 for SEATTLE GRUNGE.

2nd period


0:01 of 2nd period - Mikael Backlund wins face-off versus Travis Boyd in neutral zone.
0:27 of 2nd period - Icing by Travis Sanheim.
0:28 of 2nd period - Claude Giroux wins face-off versus Travis Boyd in SEATTLE GRUNGE zone.
0:28 of 2nd period - Claude Giroux is hit by Brett Kulak.
1:05 of 2nd period - Icing by Gustav Forsling.
1:06 of 2nd period - Claude Giroux wins face-off versus Sean Monahan in LOS ANGELES SEALS zone.
1:06 of 2nd period - Claude Giroux is hit by Tyler Seguin.
1:19 of 2nd period - Minor Penalty to Claude Giroux for Hooking.
1:20 of 2nd period - Mikael Backlund wins face-off versus Matthew Poitras in LOS ANGELES SEALS zone.
1:33 of 2nd period - Shot by Matthew Poitras.
1:33 of 2nd period - Shot Blocked by Brent Burns.
2:32 of 2nd period - Off-side.
2:33 of 2nd period - Sean Monahan wins face-off versus Mikael Backlund in neutral zone.
2:38 of 2nd period - Shot by William Nylander.
2:38 of 2nd period - Deflect By Sean Monahan.
2:38 of 2nd period - Stopped by Marc-Andre Fleury without a rebound.
2:39 of 2nd period - Sean Monahan wins face-off versus Mikael Backlund in LOS ANGELES SEALS zone.
2:56 of 2nd period - Shot by William Nylander.
2:56 of 2nd period - Deflect By Tyler Seguin.
2:56 of 2nd period - Stopped by Marc-Andre Fleury with a rebound.
3:29 of 2nd period - Minor Penalty to Brett Kulak for Hooking.
3:30 of 2nd period - Steven Stamkos wins face-off versus Curtis Lazar in SEATTLE GRUNGE zone.
3:35 of 2nd period - Shot by Matthew Boldy.
3:35 of 2nd period - Stopped by Karel Vejmelka without a rebound.
3:36 of 2nd period - Steven Stamkos wins face-off versus Curtis Lazar in SEATTLE GRUNGE zone.
4:08 of 2nd period - Shot by Nikita Kucherov.
4:08 of 2nd period - Deflect By Steven Stamkos.
4:08 of 2nd period - Stopped by Karel Vejmelka without a rebound.
4:09 of 2nd period - Curtis Lazar wins face-off versus Mason McTavish in SEATTLE GRUNGE zone.
4:20 of 2nd period - Shot by Claude Giroux.
4:20 of 2nd period - Shot Misses the Net.
4:22 of 2nd period - Shot by Brent Burns.
4:22 of 2nd period - Deflect By Claude Giroux.
4:22 of 2nd period - Shot Misses the Net.
5:41 of 2nd period - Icing by David Krejci.
5:42 of 2nd period - David Krejci wins face-off versus Sean Monahan in LOS ANGELES SEALS zone.
5:44 of 2nd period - Icing by Steven Stamkos.
5:45 of 2nd period - Sean Monahan wins face-off versus David Krejci in LOS ANGELES SEALS zone.
5:46 of 2nd period - Shot by Tyler Seguin.
5:46 of 2nd period - Shot Misses the Net.
5:48 of 2nd period - Shot by Travis Sanheim.
5:48 of 2nd period - Deflect By William Nylander.
5:48 of 2nd period - Shot Misses the Net.
5:50 of 2nd period - Shot by Travis Sanheim.
5:50 of 2nd period - Shot Misses the Net.
5:52 of 2nd period - Shot by Sean Monahan.
5:52 of 2nd period - Shot Blocked by Brandon Carlo.
6:02 of 2nd period - Shot by William Nylander.
6:02 of 2nd period - Shot Misses the Net.
6:04 of 2nd period - Shot by Tyler Seguin.
6:04 of 2nd period - Shot Blocked by Brandon Carlo.
6:08 of 2nd period - Shot by William Nylander.
6:08 of 2nd period - Stopped by Marc-Andre Fleury without a rebound.
6:09 of 2nd period - Matthew Poitras wins face-off versus Claude Giroux in LOS ANGELES SEALS zone.
6:15 of 2nd period - Nikita Kucherov is hit by Nikita Zaitsev.
6:46 of 2nd period - Minor Penalty to Ondrej Palat for Holding.
6:47 of 2nd period - Sean Monahan wins face-off versus Mikael Backlund in LOS ANGELES SEALS zone.
8:24 of 2nd period - Icing by Kaiden Guhle.
8:25 of 2nd period - Matthew Poitras wins face-off versus David Krejci in SEATTLE GRUNGE zone.
8:56 of 2nd period - Off-side.
8:57 of 2nd period - Claude Giroux wins face-off versus Curtis Lazar in neutral zone.
10:07 of 2nd period - Shot by Jakub Vrana.
10:07 of 2nd period - Stopped by Marc-Andre Fleury without a rebound.
10:08 of 2nd period - Sean Monahan wins face-off versus Mikael Backlund in LOS ANGELES SEALS zone.
10:13 of 2nd period - Shot by William Nylander.
10:13 of 2nd period - Shot Misses the Net.
10:18 of 2nd period - Minor Penalty to Tyler Seguin for Roughing.
10:19 of 2nd period - Steven Stamkos wins face-off versus Curtis Lazar in SEATTLE GRUNGE zone.
10:20 of 2nd period - Shot by Nikita Kucherov.
10:20 of 2nd period - Shot Misses the Net.
10:32 of 2nd period - Shot by Matthew Boldy.
10:32 of 2nd period - Shot Misses the Net.
11:44 of 2nd period - Shot by Steven Stamkos.
11:44 of 2nd period - Shot Misses the Net.
11:46 of 2nd period - Shot by Drew Doughty.
11:46 of 2nd period - Shot Misses the Net.
11:58 of 2nd period - Shot by Drew Doughty.
11:58 of 2nd period - Stopped by Karel Vejmelka without a rebound.
11:59 of 2nd period - Curtis Lazar wins face-off versus Claude Giroux in SEATTLE GRUNGE zone.
12:34 of 2nd period - Shot by David Krejci.
12:34 of 2nd period - Goal by David Krejci - LOS ANGELES SEALS : 1 - SEATTLE GRUNGE : 3.
12:35 of 2nd period - Travis Boyd wins face-off versus Noah Cates in neutral zone.
12:54 of 2nd period - Shot by Noah Cates.
12:54 of 2nd period - Shot Misses the Net.
13:04 of 2nd period - Shot by Owen Tippett.
13:04 of 2nd period - Stopped by Karel Vejmelka without a rebound.
13:05 of 2nd period - Matthew Poitras wins face-off versus David Krejci in SEATTLE GRUNGE zone.
13:38 of 2nd period - Shot by David Krejci.
13:38 of 2nd period - Stopped by Karel Vejmelka without a rebound.
13:39 of 2nd period - Claude Giroux wins face-off versus Sean Monahan in SEATTLE GRUNGE zone.
13:44 of 2nd period - Shot by Ondrej Palat.
13:44 of 2nd period - Shot Misses the Net.
13:55 of 2nd period - Shot by Sean Monahan.
13:55 of 2nd period - Shot Misses the Net.
13:57 of 2nd period - Shot by Sean Monahan.
13:57 of 2nd period - Shot Misses the Net.
14:17 of 2nd period - Shot by Nikita Kucherov.
14:17 of 2nd period - Shot Misses the Net.
14:54 of 2nd period - Kaiden Guhle is hit by Claude Giroux.
15:00 of 2nd period - Ondrej Palat is hit by Jakub Vrana and loses puck.
15:05 of 2nd period - Shot by Jimmy Vesey.
15:05 of 2nd period - Stopped by Marc-Andre Fleury with a rebound.
15:07 of 2nd period - Shot by Travis Boyd.
15:07 of 2nd period - Shot Misses the Net.
15:09 of 2nd period - Shot by Travis Boyd.
15:09 of 2nd period - Stopped by Marc-Andre Fleury without a rebound.
15:10 of 2nd period - Matthew Poitras wins face-off versus Mikael Backlund in LOS ANGELES SEALS zone.
15:20 of 2nd period - Icing by Brent Burns.
15:21 of 2nd period - Curtis Lazar wins face-off versus Mikael Backlund in LOS ANGELES SEALS zone.
15:52 of 2nd period - Shot by Noah Cates.
15:52 of 2nd period - Stopped by Karel Vejmelka without a rebound.
15:53 of 2nd period - David Krejci wins face-off versus William Nylander in SEATTLE GRUNGE zone.
16:14 of 2nd period - Shot by Tyler Seguin.
16:14 of 2nd period - Stopped by Marc-Andre Fleury without a rebound.
16:15 of 2nd period - Matthew Poitras wins face-off versus Mikael Backlund in LOS ANGELES SEALS zone.
16:37 of 2nd period - Owen Tippett is hit by William Borgen and loses puck.
16:58 of 2nd period - Shot by Noah Cates.
16:58 of 2nd period - Shot Blocked by Nick Seeler.
17:01 of 2nd period - Noah Cates is hit by Nick Seeler and loses puck.
17:55 of 2nd period - Icing by Matthew Boldy.
17:56 of 2nd period - Jakub Vrana wins face-off versus Steven Stamkos in LOS ANGELES SEALS zone.
18:05 of 2nd period - Shot by Travis Boyd.
18:05 of 2nd period - Shot Misses the Net.
18:07 of 2nd period - Shot by Brett Kulak.
18:07 of 2nd period - Shot Misses the Net.
18:09 of 2nd period - Shot by Travis Sanheim.
18:09 of 2nd period - Goal by Travis Sanheim - LOS ANGELES SEALS : 1 - SEATTLE GRUNGE : 4.
18:09 of 2nd period - Joonas Korpisalo enters game.
18:10 of 2nd period - Claude Giroux wins face-off versus Curtis Lazar in neutral zone.
18:35 of 2nd period - Shot by Nikita Kucherov.
18:35 of 2nd period - Shot Blocked by Brett Kulak.
18:36 of 2nd period - Minor Penalty to Ondrej Palat for Interference.
18:37 of 2nd period - Sean Monahan wins face-off versus Mikael Backlund in LOS ANGELES SEALS zone.
18:37 of 2nd period - Sean Monahan is hit by Brent Burns.
19:09 of 2nd period - Shot by Tyler Seguin.
19:09 of 2nd period - Stopped by Joonas Korpisalo without a rebound.
19:10 of 2nd period - Mikael Backlund wins face-off versus Matthew Poitras in LOS ANGELES SEALS zone.
19:48 of 2nd period - Shot by Warren Foegele.
19:48 of 2nd period - Shot Misses the Net.
Goals for this period are 1 for LOS ANGELES SEALS vs 1 for SEATTLE GRUNGE.
Shots for this period are 7 for LOS ANGELES SEALS vs 9 for SEATTLE GRUNGE.

3rd period


0:01 of 3rd period - Sean Monahan wins face-off versus Mikael Backlund in neutral zone.
0:48 of 3rd period - Shot by David Krejci.
0:48 of 3rd period - Shot Blocked by Morgan Geekie.
0:50 of 3rd period - Shot by Drew Doughty.
0:50 of 3rd period - Stopped by Karel Vejmelka without a rebound.
0:51 of 3rd period - Claude Giroux wins face-off versus Travis Boyd in SEATTLE GRUNGE zone.
1:03 of 3rd period - Off-side.
1:04 of 3rd period - Matthew Poitras wins face-off versus David Krejci in neutral zone.
1:26 of 3rd period - Icing by Travis Sanheim.
1:27 of 3rd period - Mikael Backlund wins face-off versus Matthew Poitras in SEATTLE GRUNGE zone.
2:02 of 3rd period - Mikael Backlund is hit by Warren Foegele.
2:03 of 3rd period - Icing by Mikael Backlund.
2:04 of 3rd period - Mikael Backlund wins face-off versus Sean Monahan in LOS ANGELES SEALS zone.
2:38 of 3rd period - Icing by Nikita Zaitsev.
2:39 of 3rd period - Claude Giroux wins face-off versus Sean Monahan in SEATTLE GRUNGE zone.
2:45 of 3rd period - Icing by Kaiden Guhle.
2:46 of 3rd period - Claude Giroux wins face-off versus Sean Monahan in SEATTLE GRUNGE zone.
4:35 of 3rd period - Icing by Noah Dobson.
4:36 of 3rd period - Mikael Backlund wins face-off versus Jakub Vrana in LOS ANGELES SEALS zone.
4:36 of 3rd period - Mikael Backlund is hit by Jakub Vrana.
4:54 of 3rd period - Brett Kulak is hit by Owen Tippett and loses puck.
5:10 of 3rd period - Mikael Backlund is hit by Brett Kulak.
5:57 of 3rd period - Curtis Lazar is hit by Ondrej Palat and loses puck.
6:02 of 3rd period - Shot by Claude Giroux.
6:02 of 3rd period - Shot Misses the Net.
6:04 of 3rd period - Shot by Claude Giroux.
6:04 of 3rd period - Stopped by Karel Vejmelka without a rebound.
6:05 of 3rd period - David Krejci wins face-off versus Warren Foegele in SEATTLE GRUNGE zone.
6:06 of 3rd period - Shot by Matthew Boldy.
6:06 of 3rd period - Shot Misses the Net.
6:13 of 3rd period - Matthew Poitras is hit by Brandon Carlo and loses puck.
6:47 of 3rd period - Icing by Brandon Carlo.
6:48 of 3rd period - Sean Monahan wins face-off versus David Krejci in LOS ANGELES SEALS zone.
6:49 of 3rd period - Shot by William Nylander.
6:49 of 3rd period - Deflect By Sean Monahan.
6:49 of 3rd period - Stopped by Joonas Korpisalo without a rebound.
6:50 of 3rd period - Claude Giroux wins face-off versus Sean Monahan in LOS ANGELES SEALS zone.
6:50 of 3rd period - Claude Giroux is hit by Tyler Seguin.
7:30 of 3rd period - Claude Giroux is hit by William Borgen and loses puck.
7:35 of 3rd period - Shot by Claude Giroux.
7:35 of 3rd period - Stopped by Karel Vejmelka with a rebound.
7:37 of 3rd period - Shot by Brent Burns.
7:37 of 3rd period - Stopped by Karel Vejmelka without a rebound.
7:38 of 3rd period - Matthew Poitras wins face-off versus David Krejci in SEATTLE GRUNGE zone.
8:17 of 3rd period - Shot by Steven Stamkos.
8:17 of 3rd period - Stopped by Karel Vejmelka without a rebound.
8:18 of 3rd period - Travis Boyd wins face-off versus Mikael Backlund in SEATTLE GRUNGE zone.
8:52 of 3rd period - Travis Boyd is hit by Alex Goligoski and loses puck.
8:56 of 3rd period - Minor Penalty to Brandon Carlo for Hooking.
8:57 of 3rd period - Sean Monahan wins face-off versus Mikael Backlund in LOS ANGELES SEALS zone.
9:57 of 3rd period - Off-side.
9:58 of 3rd period - David Krejci wins face-off versus Matthew Poitras in neutral zone.
10:19 of 3rd period - Icing by William Borgen.
10:20 of 3rd period - Matthew Poitras wins face-off versus David Krejci in SEATTLE GRUNGE zone.
10:52 of 3rd period - Shot by Sean Monahan.
10:52 of 3rd period - Stopped by Joonas Korpisalo with a rebound.
11:09 of 3rd period - Shot by Philip Tomasino.
11:09 of 3rd period - Shot Misses the Net.
11:27 of 3rd period - Shot by Philip Tomasino.
11:27 of 3rd period - Stopped by Karel Vejmelka without a rebound.
11:28 of 3rd period - David Krejci wins face-off versus Sean Monahan in SEATTLE GRUNGE zone.
11:40 of 3rd period - Matthew Boldy is hit by Nikita Zaitsev and loses puck.
11:52 of 3rd period - Minor Penalty to Kaiden Guhle for Slashing.
11:53 of 3rd period - Claude Giroux wins face-off versus Curtis Lazar in SEATTLE GRUNGE zone.
13:06 of 3rd period - Shot by Steven Stamkos.
13:06 of 3rd period - Shot Misses the Net.
13:08 of 3rd period - Shot by Drew Doughty.
13:08 of 3rd period - Shot Misses the Net.
13:38 of 3rd period - Shot by Steven Stamkos.
13:38 of 3rd period - Stopped by Karel Vejmelka with a rebound.
14:11 of 3rd period - Shot by Noah Cates.
14:11 of 3rd period - Shot Misses the Net.
14:15 of 3rd period - Shot by Noah Cates.
14:15 of 3rd period - Stopped by Karel Vejmelka without a rebound.
14:16 of 3rd period - Mason McTavish wins face-off versus Travis Boyd in SEATTLE GRUNGE zone.
14:23 of 3rd period - Shot by Mason McTavish.
14:23 of 3rd period - Stopped by Karel Vejmelka with a rebound.
14:31 of 3rd period - Philip Tomasino is hit by Jimmy Vesey.
14:39 of 3rd period - Shot by Travis Boyd.
14:39 of 3rd period - Shot Misses the Net.
14:41 of 3rd period - Shot by Jakub Vrana.
14:41 of 3rd period - Deflect By Travis Boyd.
14:41 of 3rd period - Goal by Travis Boyd - LOS ANGELES SEALS : 1 - SEATTLE GRUNGE : 5.
14:42 of 3rd period - Sean Monahan wins face-off versus Claude Giroux in neutral zone.
14:52 of 3rd period - Icing by Brandon Carlo.
14:53 of 3rd period - Claude Giroux wins face-off versus Matthew Poitras in LOS ANGELES SEALS zone.
15:12 of 3rd period - Shot by Morgan Geekie.
15:12 of 3rd period - Shot Blocked by Claude Giroux.
15:14 of 3rd period - Shot by Warren Foegele.
15:14 of 3rd period - Shot Hit the Post.
15:16 of 3rd period - Shot by Matthew Poitras.
15:16 of 3rd period - Stopped by Joonas Korpisalo without a rebound.
15:17 of 3rd period - Sean Monahan wins face-off versus David Krejci in LOS ANGELES SEALS zone.
15:54 of 3rd period - Shot by Tyler Seguin.
15:54 of 3rd period - Shot Blocked by Brent Burns.
15:56 of 3rd period - Shot by Sean Monahan.
15:56 of 3rd period - Stopped by Joonas Korpisalo without a rebound.
15:57 of 3rd period - Matthew Poitras wins face-off versus Claude Giroux in LOS ANGELES SEALS zone.
16:18 of 3rd period - Shot by Warren Foegele.
16:18 of 3rd period - Shot Misses the Net.
19:02 of 3rd period - Shot by Matthew Boldy.
19:02 of 3rd period - Stopped by Karel Vejmelka without a rebound.
19:03 of 3rd period - Claude Giroux wins face-off versus Matthew Poitras in SEATTLE GRUNGE zone.
19:08 of 3rd period - Shot by Nikita Kucherov.
19:08 of 3rd period - Stopped by Karel Vejmelka without a rebound.
19:09 of 3rd period - Sean Monahan wins face-off versus Claude Giroux in SEATTLE GRUNGE zone.
19:20 of 3rd period - Shot by Sean Monahan.
19:20 of 3rd period - Stopped by Joonas Korpisalo with a rebound.
19:22 of 3rd period - Shot by William Nylander.
19:22 of 3rd period - Stopped by Joonas Korpisalo without a rebound.
19:23 of 3rd period - Matthew Poitras wins face-off versus David Krejci in LOS ANGELES SEALS zone.
19:42 of 3rd period - Warren Foegele is hit by Gustav Forsling and loses puck.
Goals for this period are 0 for LOS ANGELES SEALS vs 1 for SEATTLE GRUNGE.
Shots for this period are 11 for LOS ANGELES SEALS vs 7 for SEATTLE GRUNGE.


BLAKE
WHEELER
STEVEN
STAMKOS
DREW
DOUGHTY

EAST COAST

HOCKEY LEAGUE

  • 63.RHI2PIT5
  • 64.WOR4ATL3
  • 65.QUECHW
  • 66.CHATRV